 Dungeon Crawl Stone Soup version bcrawl-1.21.3 (webtiles) character file.

Game seed: 16933371335666512636

3835 funkygono the Thaumaturge (level 10, -8/59 (60) HPs)
             Began as a Fairy Wizard on Apr 1, 2020.
             Was an Initiate of Sif Muna.
             Mangled by a gargoyle
             ... wielding a +0 flail
              (24 damage)
             ... on level 8 of the Dungeon.
             The game lasted 00:26:36 (7245 turns).

funkygono the Thaumaturge (Fairy Wizard)            Turns: 7245, Time: 00:26:36

HP:   -8/59 (60)    AC: 12    Str:  5      XL:     10   Next: 18%
MP:   26/26         EV: 21    Int: 25      God:    Sif Muna [......]
Gold: 555           SH:  6    Dex: 15 (16) Spells: 20/30 levels left

rFire    . . .     SeeInvis +   a - +1 staff
rCold    . . .     Gourm    .   (shield currently unavailable)
rNeg     . . .     Faith    .   (armour unavailable)
rPois    .         Spirit   .   b - +2 hat
rElec    .         Reflect  .   (no cloak)
rCorr    .         Harm     .   f - +1 pair of gloves
MR       +....                  w - +1 pair of boots
Stlth    +.........             (no amulet)
HPRegen  0.19/turn              t - ring of see invisible
MPRegen  0.20/turn              o - +5 ring of dexterity

@: flying evasively
A: small, magic attunement, unstealthy, unfitting armour, able to fly, AC/SH +6
a: Stop Flying, Divine Energy, Renounce Religion


You were on level 8 of the Dungeon.
You worshipped Sif Muna.
Sif Muna was noncommittal.
You were not hungry.

You visited 2 branches of the dungeon, and saw 9 of its levels.

You collected 555 gold pieces.

Inventory:

Hand Weapons
 a - a +1 staff (weapon)
Missiles
 l - 1801 stones (quivered)
 A - a throwing net {!f}
Armour
 b - a +2 hat (worn)
 f - a +1 pair of gloves (worn)
 s - a +2 hat
 w - a +1 pair of boots (worn)
 D - a +0 medium shield
Magical Staves
 z - an uncursed staff of earth
Jewellery
 g - a +5 amulet of reflection
 o - a +5 ring of dexterity (right hand)
 q - an uncursed ring of fire
 t - a ring of see invisible (left hand)
Scrolls
 c - 3 scrolls of remove curse
 r - 2 scrolls of amnesia
 x - a scroll of identify
 y - 3 scrolls of teleportation
Potions
 d - 2 potions of brilliance
 h - 3 potions of lignification
 i - 3 potions of magic
 j - 3 potions of curing
 k - 2 potions of heal wounds
 m - 3 potions of cancellation
 n - 2 potions of invisibility
 p - a potion of flight
Comestibles
 e - 18 rations {!d}


   Skills:
 + Level 1.9 Fighting
 + Level 2.2 Staves
 + Level 6.8 Dodging
 + Level 3.0 Stealth
 + Level 0.8 Shields
 + Level 10.7 Spellcasting
 + Level 9.8 Conjurations
   Level 1.1 Summonings
   Level 1.1 Translocations
 + Level 0.1 Transmutations
 + Level 2.8 Air Magic
 + Level 3.8 Poison Magic


You had 20 spell levels left.
You knew the following spells:

 Your Spells              Type           Power        Failure   Level  Hunger
a - Magic Dart            Conj           ####         1%          1    None
b - Mephitic Cloud        Conj/Pois/Air  #####...     1%          3    None
c - Conjure Flame         Conj/Fire      #####...     1%          3    None
d - Spider Form           Tmut/Pois      ###          6%          3    None

Your spell library contained the following spells:

 Spells                   Type           Power        Failure   Level  Hunger
 Blink                    Tloc           N/A          4%          2    None
 Call Imp                 Summ           ###...       4%          2    None


Dungeon Overview and Level Annotations

Branches:
Dungeon (8/12)             Temple (1/1) D:7
   Lair: D:7-9          Orc: D:8-11

Altars:
Ashenzari
Cheibriados
Dithmenos
Elyvilon
Fedhas
Gozag
Hepliaklqana
Kikubaaqudgha
Lugonu
Makhleb
Nemelex Xobeh
Okawaru
Qazlal
Ru
Sif Muna
Trog
Uskayaw
Vehumet
Wu Jian
Xom
Yredelemnul
Zin
The Shining One

Shops:
D:5 }(}   D:7 }


Innate Abilities, Weirdness & Mutations

Your spells do not cause hunger and MP costs are reduced by 1.
Your bright wings attract enemies. (Stealth-)
You cannot fit into any form of body armour.
Your shimmering scales are hard and can block incoming attacks. (AC +6, SH +6)
You are small and have problems with some larger weapons.
You can fly continuously.


Message History

Casting: Magic Dart (safe; 1% risk of failure)
Confirm with . or Enter, or press ? or * to list all spells.
Aiming: Magic Dart (safe; 1% risk of failure)
Press: ? - help, Shift-Dir - straight line, f/p - gargoyle
Aim: a gargoyle, wielding a +0 flail The magic dart hits the gargoyle but does no damage.
Casting: Magic Dart (safe; 1% risk of failure)
Confirm with . or Enter, or press ? or * to list all spells.
Aiming: Magic Dart (safe; 1% risk of failure)
Press: ? - help, Shift-Dir - straight line, f/p - gargoyle
Aim: a gargoyle, wielding a +0 flail The magic dart hits the gargoyle but does no damage.
Casting: Magic Dart (safe; 1% risk of failure)
Confirm with . or Enter, or press ? or * to list all spells.
Aiming: Magic Dart (safe; 1% risk of failure)
Press: ? - help, Shift-Dir - straight line, f/p - gargoyle
Aim: a gargoyle, wielding a +0 flail The magic dart hits the gargoyle but does no damage.
The gargoyle hits you with a +0 flail!!
You die...

#######.######
.............#
#######.####.#
#.....#
#..##.#
########...#.#
...........#.#
#########..#9#
#..#@# #..#.#
#..#.# #..#.#
#..#.#
.######.<#.#
........##.#
...........#
..#####.####


You could see a gargoyle.

Vanquished Creatures
  A centaur warrior (D:8)
  A spriggan (D:7)
  Eustachio (D:6)
  Menkaure (D:7)
  3 sky beasts
  A black bear (D:7)
  2 ice beasts
  2 necrophages (D:7)
  A phantom (D:4)
  2 centaurs (D:6)
  3 ogres
  2 bullfrogs (D:7)
  4 scorpions
  2 howler monkeys
  A bullfrog zombie (D:7)
  2 centaur zombies
  4 crimson imps
  A quasit (D:8)
  7 hounds
  A centaur skeleton (D:4)
  2 orc priests (D:4)
  A bullfrog skeleton (D:2)
  4 orc wizards
  Jessica (D:3)
  2 iguanas
  3 worker ants
  A killer bee zombie (D:6)
  A worker ant zombie (D:5)
  3 gnolls (D:3)
  7 adders
  A howler monkey skeleton (D:6)
  A shadow imp (D:7)
  An adder zombie (D:5)
  2 adder skeletons
  5 worms
  2 dart slugs
  4 leopard geckos
  20 orcs
  3 giant cockroaches
  4 goblins
  6 hobgoblins
  12 jackals
  6 quokkas
  A ball python (D:1)
  12 bats
  4 frilled lizards
  8 kobolds
  9 rats
168 creatures vanquished.

Notes
Turn   | Place    | Note
-------+----------+-------------------------------------------
     0 | D:1      | funkygono the Fairy Wizard began the quest for the Orb.
     0 | D:1      | Reached XP level 1. HP: 11/11 MP: 7/7
   377 | D:1      | Reached XP level 2. HP: 17/17 MP: 9/9
   831 | D:1      | Reached XP level 3. HP: 21/21 MP: 11/11
   978 | D:1      | Learned a level 3 spell: Mephitic Cloud
  1706 | D:2      | Reached XP level 4. HP: 18/27 MP: 12/12
  1711 | D:2      | Learned a level 3 spell: Conjure Flame
  1715 | D:2      | Learned a level 3 spell: Spider Form
  2075 | D:2      | Reached skill level 1 in Poison Magic
  2222 | D:3      | Reached skill level 1 in Staves
  2222 | D:3      | Reached skill level 5 in Spellcasting
  2450 | D:3      | Reached XP level 5. HP: 31/31 MP: 11/14
  2522 | D:3      | Noticed Jessica
  2538 | D:3      | Killed Jessica
  2739 | D:3      | Found a corrupted altar of Lugonu.
  2740 | D:3      | Found an ancient bone altar of Kikubaaqudgha.
  2799 | D:3      | Reached XP level 6. HP: 36/36 MP: 16/16
  2966 | D:4      | Noticed a sky beast
  2989 | D:4      | Killed a sky beast
  3304 | D:4      | Reached skill level 6 in Spellcasting
  3304 | D:4      | Reached XP level 7. HP: 42/42 MP: 14/18
  3308 | D:4      | Reached skill level 5 in Dodging
  3331 | D:4      | Reached skill level 5 in Conjurations
  3394 | D:4      | Reached skill level 1 in Air Magic
  3670 | D:4      | Reached skill level 7 in Spellcasting
  3670 | D:4      | Reached XP level 8. HP: 39/47 MP: 20/20
  3882 | D:5      | Entered Level 5 of the Dungeon
  3888 | D:5      | Found Fealel's Gadget Emporium.
  3996 | D:5      | Found Ithawn's Antique Weapon Boutique.
  4294 | D:5      | Found Qadakk's Gadget Shop.
  4506 | D:6      | Noticed Eustachio
  4524 | D:6      | Killed Eustachio
  4524 | D:6      | Reached skill level 8 in Spellcasting
  4677 | D:6      | Reached XP level 9. HP: 52/52 MP: 21/23
  5293 | D:6      | Reached skill level 9 in Spellcasting
  5372 | D:7      | Reached skill level 1 in Fighting
  5610 | D:7      | Noticed Menkaure
  5643 | D:7      | HP: 1/53 [Menkaure (9)]
  5645 | D:7      | Killed Menkaure
  6213 | D:7      | Found Ushaqasch's Gadget Boutique.
  6249 | D:7      | Reached skill level 10 in Spellcasting
  6427 | D:7      | Found a staircase to the Ecumenical Temple.
  6454 | Temple   | Entered the Ecumenical Temple
  6554 | Temple   | Became a worshipper of Sif Muna the Loreminder
  6889 | D:8      | Noticed a centaur warrior
  6928 | D:8      | Killed a centaur warrior
  6928 | D:8      | Reached XP level 10. HP: 7/59 MP: 26/26
  7225 | D:8      | Noticed a gargoyle
  7245 | D:8      | Mangled by a gargoyle

Skill      XL: |  1  2  3  4  5  6  7  8  9 |
---------------+----------------------------+-----
Dodging        | 3 4 5 6 |  6.8
Conjurations   | 2 3 4 6 7 9 |  9.8
Poison Magic   | 1 3 |  3.8
Staves         | 1 2 |  2.2
Spellcasting   | 5 6 7 8 10 | 10.7
Stealth        | 2 3 |  3.0
Air Magic      | 1 2 |  2.8
Fighting       | 1 |  1.9
Shields        | |  0.8
Summonings     | |  1.1
Translocations | |  1.1
Transmutations | |  0.1

Action                   |  1- 3 |  4- 6 |  7- 9 | 10-12 || total
-------------------------+-------+-------+-------+-------++-------
Melee: Staff             |    53 |     8 |    40 |       ||   101
       Unarmed           |       |     7 |       |       ||     7
 Cast: Magic Dart        |    99 |   135 |   443 |    21 ||   698
       Mephitic Cloud    |     6 |    11 |    30 |       ||    47
       Conjure Flame     |       |     2 |       |       ||     2
       Spider Form       |       |     1 |       |       ||     1
  Use: Scroll            |     2 |     7 |    10 |       ||    19
       Potion            |       |       |     2 |       ||     2
 Stab: Confused          |       |     1 |       |       ||     1
  Eat: Chunk             |     2 |     5 |     8 |     1 ||    16
       Ration            |       |       |     1 |       ||     1
Armor: Skin              |    23 |    14 |    31 |     2 ||    70
Dodge: Dodged            |    60 |    52 |   172 |     6 ||   290
Block: Other             |    15 |    14 |    50 |     2 ||    81
